 Dungeon Crawl Stone Soup version 0.17-a0-1450-g7e755d1 (webtiles) character file.

197 Sirial the Sneak (level 5, -5/41 HPs)
             Began as a Demonspawn Wanderer on June 30, 2015.
             Slain by Sirial's ghost (8 damage)
             ... on level 3 of the Dungeon.
             The game lasted 00:10:03 (2033 turns).

Sirial the Sneak (Demonspawn Wanderer)              Turns: 2033, Time: 00:10:03

Health: -5/41      AC:  2    Str: 14      XL:     5   Next: 46%
Magic:  0/5        EV: 13    Int: 12      God:
Gold:   122        SH:  0    Dex: 12 (13) Spells: 0 memorised, 4 levels left

rFire  . . .     SeeInvis +     a - +2 quarterstaff
rCold  . . .     Clarity  .     d - +0 robe
rNeg   . . .     SustAt   .     (no shield)
rPois  .         Gourm    .     (no helmet)
rElec  .         Spirit   +     (no cloak)
rCorr  .         Warding  .     (no gloves)
rMut   .         Stasis   .     (no boots)
MR     .....                    (no amulet)
Stlth  ++........               (no ring)
                                h - ring of see invisible

@: not resistant to hostile enchantments, unstealthy
A: magic shield
a: no special abilities


You were on level 3 of the Dungeon.
You were not hungry.

You visited 1 branch of the dungeon, and saw 3 of its levels.

You collected 122 gold pieces.

Inventory:

Hand weapons
 a - a +2 quarterstaff (weapon)
 e - a +0 dagger
 j - a +1 falchion of flaming
Armour
 c - a +0 helmet
 d - a +0 robe (worn)
Jewellery
 g - a cursed amulet of inaccuracy
 h - a ring of see invisible (left hand)
Magical devices
 i - a wand of fireball (6)
 n - a wand of polymorph (0)
Scrolls
 k - a scroll of teleportation
 l - a scroll of noise
 m - a scroll of fog
Potions
 b - a potion of lignification
Comestibles
 f - 2 bread rations
 o - a meat ration


   Skills:
 + Level 3.1 Fighting
 + Level 1.0 Long Blades
 + Level 2.2 Staves
 + Level 3.2 Dodging
 + Level 3.9 Stealth
 + Level 1.0 Evocations


You had 4 spell levels left.
You didn't know any spells.

Dungeon Overview and Level Annotations

Branches:
Dungeon (3/15)

Altars:
Ashenzari
Elyvilon
Okawaru

Annotations:
D:3 Sirial's ghost, average DsWn


Innate Abilities, Weirdness & Mutations

When hurt, damage is shared between your health and your magic reserves.


Message History

You thump Sirial's ghost!
Sirial's ghost is moderately damaged.
Sirial's ghost hits you.
* * * LOW HITPOINT WARNING * * *
You barely miss Sirial's ghost.
Sirial's ghost is moderately damaged.
Sirial's ghost hits you.
* * * LOW HITPOINT WARNING * * *
Sirial's ghost closely misses you.
You sock Sirial's ghost!
Sirial's ghost is moderately damaged.
Sirial's ghost hits you.
* * * LOW HITPOINT WARNING * * *
You barely miss Sirial's ghost.
Sirial's ghost is moderately damaged.
Sirial's ghost completely misses you.
You hit Sirial's ghost.
Sirial's ghost is heavily damaged.
Sirial's ghost hits you!
You die...

###.##..#.#.##.#
#...........##.#
#.#.##.##.####.# #.#.##.##.#
#.# #.#.......# #.####
#.##.....## #....#
######.##.....# ####.#
###......##.W...# ####.###
#<....#####.@..(# #......#
#.#(#.# #.....# ##.##.#.#
#.#.#.# ##########.....#.#
#.#.#.# #.......####.#
#.#.#.####### #.####..####.#
#.#.#.......###.####.......#
#......##.........##..######
##...#.##.#.###.#.##..#
#...).....#.# #....[..#


You could see Sirial's ghost.

Vanquished Creatures
  Ijyb (D:3)
  3 orc wizards (D:3)
  3 adders
  An ooze (D:1)
  2 worms (D:2)
  6 orcs (D:3)
  7 bats
  2 giant cockroaches
  3 goblins (D:2)
  5 hobgoblins
  5 jackals (D:2)
  2 quokkas
  5 giant newts
  7 kobolds
  7 rats
59 creatures vanquished.

Vanquished Creatures (others)
  A quokka (D:2)
1 creature vanquished.

Grand Total: 60 creatures vanquished

Notes
Turn   | Place    | Note
--------------------------------------------------------------
     0 | D:1      | Sirial the Demonspawn Wanderer began the quest for the Orb.
     0 | D:1      | Sirial set off with: a +2 quarterstaff, a potion of lignification, a potion of curing, a +0 robe, a +0 dagger, a bread ration
     0 | D:1      | Reached XP level 1. HP: 16/16 MP: 1/1
   281 | D:1      | Reached skill level 3 in Stealth
   281 | D:1      | Gained mutation: When hurt, damage is shared between your health and your magic reserves. [demonic ancestry]
   281 | D:1      | Reached XP level 2. HP: 21/23 MP: 2/2
   679 | D:2      | Reached XP level 3. HP: 21/28 MP: 3/3
   969 | D:2      | Found a white marble altar of Elyvilon.
  1078 | D:2      | Found a shattered altar of Ashenzari.
  1330 | D:2      | Reached XP level 4. HP: 20/34 MP: 1/4
  1525 | D:3      | Noticed Ijyb
  1593 | D:3      | Killed Ijyb
  1626 | D:3      | Found an iron altar of Okawaru.
  1677 | D:3      | Noticed Sirial's ghost (average DsWn)
  1791 | D:3      | Reached XP level 5. HP: 22/41 MP: 5/5
  2033 | D:3      | Slain by Sirial's ghost

Vault maps used:
D:1:      minmay_arrival_plants_in_alcoves
D:2:      overflow_temple_1_default, elyvilon_altar_4
D:3:      nemelex_deck, okawaru_trees_2, uniq_iyjb

Action                   |  1- 3 |  4- 6 || total
-------------------------+-------+-------++-------
Melee: Quarterstaff      |    99 |    70 ||   169
       Unarmed           |       |    44 ||    44
  Use: Scroll            |     4 |     3 ||     7
       Potion            |     3 |     4 ||     7
 Stab: Sleeping          |     8 |     4 ||    12
  Eat: Royal jelly       |     1 |       ||     1
       Meat ration       |       |     1 ||     1
